NCAA
NOTRE DAME FIGHTING IRISH @ GEORGIA TECH YELLOW JACKETS
05/18/2024
 
TOP OF THE 1ST
Notre Dame Fighting Irish batting - Pitching for Georgia Tech Yellow Jackets : RHP Isaac Pope
Pitching: RHP Isaac Pope
Batting: RHB António Muñóz 0-0: Called Strike
0-1: Ball
1-1: Ball
2-1: Ground out 5-3 (Groundball, 5)
Batting: SHB Joe Gallagher 0-0: Ball
1-0: Swinging Strike
1-1: Foul Ball, location: 2F
1-2: Strikes out swinging
Batting: RHB Doug Coleman 0-0: Called Strike
0-1: Ball
1-1: Ball
2-1: Ball
3-1: Foul Ball, location: 2F
3-2: Strikes out looking
Top of the 1st over - 0 run(s), 0 hit(s), 0 error(s), 0 left on base; Notre Dame 0 - Georgia Tech 0
BOTTOM OF THE 1ST
Georgia Tech Yellow Jackets batting - Pitching for Notre Dame Fighting Irish : RHP Roy Mitchell
Pitching: RHP Roy Mitchell
Batting: LHB Mike Harris 0-0: Ground out 4-3 (Groundball, 4M)
Batting: SHB Ramón Valdés 0-0: Foul Ball, location: 2F
0-1: Ball
1-1: Swinging Strike
1-2: Strikes out swinging
Batting: LHB Héctor Soto 0-0: Ball
1-0: Fly out, F6 (Popup, 5L)
Bottom of the 1st over - 0 run(s), 0 hit(s), 0 error(s), 0 left on base; Notre Dame 0 - Georgia Tech 0
TOP OF THE 2ND
Notre Dame Fighting Irish batting - Pitching for Georgia Tech Yellow Jackets : RHP Isaac Pope
Batting: LHB George Smith 0-0: Called Strike
0-1: DOUBLE (Groundball, 5L)
Batting: RHB Tony Parker 0-0: Foul Ball, location: 2F
0-1: Ball
1-1: Ball
2-1: Fly out, F4 (Line Drive, 4M)
Batting: SHB Forest Cruz 0-0: Ball
1-0: Called Strike
1-1: Foul Ball, location: 2F
1-2: Foul Ball, location: 2F
1-2: Strikes out looking
Batting: RHB Carlos Gómez 0-0: SINGLE (Groundball, 56D)
George Smith to third
Runner from 3rd tries for Home, SAFE, no throw or cutoff
Batting: RHB Ron Walters 0-0: Fly out, F8 (Flyball, 8LM)
Top of the 2nd over - 1 run(s), 2 hit(s), 0 error(s), 1 left on base; Notre Dame 1 - Georgia Tech 0
BOTTOM OF THE 2ND
Georgia Tech Yellow Jackets batting - Pitching for Notre Dame Fighting Irish : RHP Roy Mitchell
Batting: RHB Brian Cannon 0-0: Ball
1-0: Foul Ball, location: 2F
1-1: Ball
2-1: Ball
3-1: Base on Balls
Batting: RHB Luis Antonio Cuevas 0-0: Ball
1-0: Ball
2-0: Swinging Strike
2-1: Foul Ball, location: 2F
2-2: Strikes out swinging
Batting: RHB Jonny Lord 0-0: Called Strike
0-1: Called Strike
0-2: Ball
1-2: Ball
2-2: Foul Ball, location: 2F
2-2: Fly out, F8 (Flyball, 8RM)
Batting: RHB John Smith 0-0: Called Strike
0-1: Ground out 4-3 (Groundball, 4)
Bottom of the 2nd over - 0 run(s), 0 hit(s), 0 error(s), 1 left on base; Notre Dame 1 - Georgia Tech 0
TOP OF THE 3RD
Notre Dame Fighting Irish batting - Pitching for Georgia Tech Yellow Jackets : RHP Isaac Pope
Batting: RHB Ralph Gentry 0-0: Swinging Strike
0-1: Foul Ball, location: 2F
0-2: Strikes out swinging
Batting: RHB António Muñóz 0-0: Ball
1-0: Ball
2-0: Foul Ball, location: 2F
2-1: Foul Ball, location: 2F
2-2: Ground out 5-3 (Groundball, 56S)
Batting: SHB Joe Gallagher 0-0: Foul Ball, location: 2F
0-1: Called Strike
0-2: Strikes out swinging
Top of the 3rd over - 0 run(s), 0 hit(s), 0 error(s), 0 left on base; Notre Dame 1 - Georgia Tech 0
BOTTOM OF THE 3RD
Georgia Tech Yellow Jackets batting - Pitching for Notre Dame Fighting Irish : RHP Roy Mitchell
Batting: RHB Pete McKee 0-0: Swinging Strike
0-1: Ball
1-1: Swinging Strike
1-2: Ball
2-2: Strikes out swinging
Batting: RHB Pedro Fernández 0-0: Foul Ball, location: 2F
0-1: SINGLE (Line Drive, 4D)
Batting: LHB Mike Harris 0-0: Foul Ball, location: 2F
0-1: Ball
1-1: Fielders Choice at 2nd, 1-6 (Groundball, 13S)
Batting: SHB Ramón Valdés 0-0: Ball
1-0: Foul Ball, location: 2F
1-1: Ball
2-1: Called Strike
Mike Harris steals 2nd base
2-2: Foul Ball, location: 2F
2-2: Ground out 1-3 (Groundball, 13)
Bottom of the 3rd over - 0 run(s), 1 hit(s), 0 error(s), 1 left on base; Notre Dame 1 - Georgia Tech 0
TOP OF THE 4TH
Notre Dame Fighting Irish batting - Pitching for Georgia Tech Yellow Jackets : RHP Isaac Pope
Batting: RHB Doug Coleman 0-0: Called Strike
0-1: Swinging Strike
0-2: Foul Ball, location: 2F
0-2: Strikes out swinging
Batting: LHB George Smith 0-0: Ball
1-0: Ball
2-0: Ball
3-0: Called Strike
3-1: Foul Ball, location: 2F
3-2: Strikes out looking
Batting: RHB Tony Parker 0-0: Called Strike
0-1: Ball
1-1: Swinging Strike
1-2: Foul Ball, location: 2F
1-2: Strikes out swinging
Top of the 4th over - 0 run(s), 0 hit(s), 0 error(s), 0 left on base; Notre Dame 1 - Georgia Tech 0
BOTTOM OF THE 4TH
Georgia Tech Yellow Jackets batting - Pitching for Notre Dame Fighting Irish : RHP Roy Mitchell
Batting: LHB Héctor Soto 0-0: Ball
1-0: Foul Ball, location: 2F
1-1: Ball
2-1: Foul Ball, location: 2F
2-2: Ball
3-2: Foul Ball, location: 2F
3-2: SINGLE (Line Drive, 9LS)
Batting: RHB Brian Cannon 0-0: Foul Ball, location: 2F
0-1: Ball
1-1: Ball
2-1: Foul Ball, location: 2F
2-2: SINGLE (Groundball, 56D)
Héctor Soto to second
Batting: RHB Luis Antonio Cuevas 0-0: Ball
1-0: Ball
2-0: Ball
3-0: Called Strike
3-1: 3-RUN HOME RUN (Flyball, 78XD), Distance : 383 ft
Batting: RHB Jonny Lord 0-0: Called Strike
0-1: Ball
1-1: Ball
2-1: SINGLE (Flyball, 7S)
Batting: RHB John Smith 0-0: Called Strike
0-1: Called Strike
0-2: Ball
1-2: Ball
2-2: Fly out, F9 (Flyball, 9S)
Batting: RHB Pete McKee 0-0: Foul Ball, location: 2F
0-1: Ball
1-1: Called Strike
1-2: DOUBLE (Line Drive, 7LM)
Jonny Lord to third
Batting: RHB Pedro Fernández 0-0: Ground out 6-3 (Groundball, 6S)
Jonny Lord scores
Pete McKee to third
Batting: LHB Mike Harris 0-0: Ball
1-0: SINGLE (Flyball, 89M)
Pete McKee scores
Batting: SHB Ramón Valdés 0-0: Foul Ball, location: 2F
0-1: Ball
Mike Harris is caught stealing 2nd base
Bottom of the 4th over - 5 run(s), 6 hit(s), 0 error(s), 0 left on base; Notre Dame 1 - Georgia Tech 5
TOP OF THE 5TH
Notre Dame Fighting Irish batting - Pitching for Georgia Tech Yellow Jackets : RHP Isaac Pope
Batting: SHB Forest Cruz 0-0: Called Strike
0-1: Ball
1-1: Ball
2-1: Foul Ball, location: 2F
2-2: Strikes out swinging
Batting: RHB Carlos Gómez 0-0: Ball
1-0: Foul Ball, location: 2F
1-1: Swinging Strike
1-2: Strikes out swinging
Batting: RHB Ron Walters 0-0: Ball
1-0: Foul Ball, location: 2F
1-1: Ground out 1-3 (Groundball, 15)
Top of the 5th over - 0 run(s), 0 hit(s), 0 error(s), 0 left on base; Notre Dame 1 - Georgia Tech 5
BOTTOM OF THE 5TH
Georgia Tech Yellow Jackets batting - Pitching for Notre Dame Fighting Irish : RHP Roy Mitchell
Batting: SHB Ramón Valdés 0-0: Foul Ball, location: 2F
0-1: Called Strike
0-2: Fly out, F7 (Flyball, 7M)
Batting: LHB Héctor Soto 0-0: Called Strike
0-1: Called Strike
0-2: Foul Ball, location: 2F
0-2: SINGLE (Groundball, 6MD)
Pitching: RHP Dax Campbell
Batting: RHB Brian Cannon 0-0: Ball
1-0: Swinging Strike
1-1: Foul Ball, location: 2F
1-2: Fly out, F9 (Flyball, 89S)
Batting: RHB Luis Antonio Cuevas 0-0: Ball
1-0: Called Strike
1-1: Swinging Strike
1-2: Foul Ball, location: 2F
1-2: Ground out 5-3 (Groundball, 5S)
Bottom of the 5th over - 0 run(s), 1 hit(s), 0 error(s), 1 left on base; Notre Dame 1 - Georgia Tech 5
TOP OF THE 6TH
Notre Dame Fighting Irish batting - Pitching for Georgia Tech Yellow Jackets : RHP Isaac Pope
Batting: RHB Ralph Gentry 0-0: Called Strike
0-1: Ball
1-1: Foul Ball, location: 2F
1-2: Ball
2-2: Fly out, F8 (Flyball, 8LM)
Batting: RHB António Muñóz 0-0: Called Strike
0-1: Foul Ball, location: 2F
0-2: Foul Ball, location: 2F
0-2: Strikes out looking
Batting: SHB Joe Gallagher 0-0: Ball
1-0: Called Strike
1-1: Ball
2-1: Ball
3-1: Swinging Strike
3-2: Foul Ball, location: 2F
3-2: Strikes out swinging
Top of the 6th over - 0 run(s), 0 hit(s), 0 error(s), 0 left on base; Notre Dame 1 - Georgia Tech 5
BOTTOM OF THE 6TH
Georgia Tech Yellow Jackets batting - Pitching for Notre Dame Fighting Irish : RHP Dax Campbell
Batting: RHB Jonny Lord 0-0: Fly out, F5 (Line Drive, 5)
Batting: RHB John Smith 0-0: Called Strike
0-1: Fly out, F8 (Flyball, 8RS)
Batting: RHB Pete McKee 0-0: DOUBLE (Groundball, 5L)
Batting: RHB Pedro Fernández 0-0: Called Strike
0-1: Called Strike
0-2: Ground out 5-3 (Groundball, 5)
Bottom of the 6th over - 0 run(s), 1 hit(s), 0 error(s), 1 left on base; Notre Dame 1 - Georgia Tech 5
TOP OF THE 7TH
Notre Dame Fighting Irish batting - Pitching for Georgia Tech Yellow Jackets : RHP Isaac Pope
Pitching: RHP Bartolo Méndez
Batting: RHB Doug Coleman 0-0: Ground out 4-3 (Groundball, 4M)
Batting: LHB George Smith 0-0: Foul Ball, location: 2F
0-1: Ball
1-1: Ball
2-1: Ground out 4-3 (Groundball, 4M)
Batting: RHB Tony Parker 0-0: Fly out, F9 (Flyball, 89M)
Top of the 7th over - 0 run(s), 0 hit(s), 0 error(s), 0 left on base; Notre Dame 1 - Georgia Tech 5
BOTTOM OF THE 7TH
Georgia Tech Yellow Jackets batting - Pitching for Notre Dame Fighting Irish : RHP Dax Campbell
Batting: LHB Mike Harris 0-0: Ball
1-0: Called Strike
1-1: Fly out, F7 (Flyball, 7M)
Pitching: RHP Javier Ayala
Batting: SHB Ramón Valdés 0-0: Called Strike
0-1: Ball
1-1: Ball
2-1: Called Strike
2-2: Foul Ball, location: 2F
2-2: Strikes out swinging
Batting: LHB Héctor Soto 0-0: DOUBLE (Line Drive, 78M)
Batting: RHB Brian Cannon 0-0: Ball
1-0: SINGLE (Flyball, 9S)
Héctor Soto to third
Runner from 3rd tries for Home, SAFE, no throw or cutoff
Batting: RHB Luis Antonio Cuevas 0-0: Ball
1-0: Foul Ball, location: 2F
1-1: Foul Ball, location: 2F
1-2: Ball
2-2: Foul Ball, location: 2F
2-2: Strikes out looking
Bottom of the 7th over - 1 run(s), 2 hit(s), 0 error(s), 1 left on base; Notre Dame 1 - Georgia Tech 6
TOP OF THE 8TH
Notre Dame Fighting Irish batting - Pitching for Georgia Tech Yellow Jackets : RHP Bartolo Méndez
Batting: SHB Forest Cruz 0-0: Foul Ball, location: 2F
0-1: Foul Ball, location: 2F
0-2: Ball
1-2: Strikes out swinging
Batting: RHB Carlos Gómez 0-0: Called Strike
0-1: Ball
1-1: Fly out, F4 (Popup, 3)
Batting: RHB Ron Walters 0-0: Called Strike
0-1: Ground out 5-3 (Groundball, 56S)
Top of the 8th over - 0 run(s), 0 hit(s), 0 error(s), 0 left on base; Notre Dame 1 - Georgia Tech 6
BOTTOM OF THE 8TH
Georgia Tech Yellow Jackets batting - Pitching for Notre Dame Fighting Irish : RHP Javier Ayala
Batting: RHB Jonny Lord 0-0: Foul Ball, location: 2F
0-1: Ball
1-1: Ball
2-1: Foul Ball, location: 2F
2-2: Ball
3-2: Foul Ball, location: 2F
3-2: Foul Ball, location: 2F
3-2: Foul Ball, location: 2F
3-2: Foul Ball, location: 2F
3-2: DOUBLE (Flyball, 7M)
Batting: RHB John Smith 0-0: Called Strike
0-1: Foul Ball, location: 2F
0-2: Ball
1-2: Strikes out swinging
Pitching: RHP Gabe Mills
Batting: RHB Pete McKee 0-0: Called Strike
0-1: Foul Ball, location: 2F
0-2: Strikes out swinging
Batting: RHB Pedro Fernández 0-0: 2-RUN HOME RUN (Flyball, 78XD), Distance : 387 ft
Batting: LHB Mike Harris 0-0: Ball
1-0: Called Strike
1-1: Ground out 4-3 (Groundball, 4)
Bottom of the 8th over - 2 run(s), 2 hit(s), 0 error(s), 0 left on base; Notre Dame 1 - Georgia Tech 8
TOP OF THE 9TH
Notre Dame Fighting Irish batting - Pitching for Georgia Tech Yellow Jackets : RHP Bartolo Méndez
Batting: RHB Ralph Gentry 0-0: Ball
1-0: Swinging Strike
1-1: Foul Ball, location: 2F
1-2: Foul Ball, location: 2F
1-2: Ground out 5-3 (Groundball, 5)
Batting: RHB António Muñóz 0-0: SINGLE (Flyball, 7LS)
Batting: SHB Joe Gallagher 0-0: Fly out, F7 (Popup, 56D)
Batting: RHB Doug Coleman 0-0: Called Strike
0-1: Called Strike
0-2: SINGLE (Line Drive, 78S)
António Muñóz to second
Runner from 2nd tries for 3rd, SAFE, no throw or cutoff
Batting: LHB George Smith 0-0: Fly out, F7 (Flyball, 7LM)
Top of the 9th over - 0 run(s), 2 hit(s), 0 error(s), 2 left on base; Notre Dame 1 - Georgia Tech 8
This league is powered by Out of the Park Baseball, the baseball management simulation game for PC, Mac and Linux
Saturday, April 9th, 2016 - OOTP Baseball 16.8 Build 38